 Dungeon Crawl Stone Soup version 0.19-a0-1662-gb81896f (webtiles) character file.

7109 Naow the Severer (level 10, -2/81 HPs)
             Began as a Minotaur Berserker on Sept 21, 2016.
             Was an Elder of Trog.
             Succumbed to an orc warrior's poison
             ... on level 10 of the Dungeon.
             The game lasted 00:25:53 (9162 turns).

Naow the Severer (Minotaur Berserker)               Turns: 9162, Time: 00:25:55

Health: -2/81      AC: 15    Str: 25    XL:     10   Next: 85%
Magic:  9/9        EV:  8    Int:  4    God:    Trog [****..]
Gold:   506        SH:  0    Dex: 10    Spells: 0 memorised, 9 levels left

rFire  . . .     SeeInvis .     x - +2 mace (protect)
rCold  . . .     Gourm    .     W - +0 plate armour
rNeg   . . .     Faith    .     (no shield)
rPois  +         Spirit   .     (helmet restricted)
rElec  .         Dismiss  .     (no cloak)
rCorr  .         Reflect  .     (no gloves)
MR     +++..     Harm     .     y - +0 pair of boots
Stlth  ..........               (no amulet)
                                T - ring of poison resistance
                                O - ring of protection from magic

@: lethally poisoned (-2 -> -10), regenerating, slowed, drained, very slow
A: retaliatory headbutt, horns 2
a: Berserk, Trog's Hand, Brothers in Arms, Burn Spellbooks, Renounce Religion


You were on level 10 of the Dungeon.
You worshipped Trog.
Trog was greatly pleased with you.
You were very hungry.

You visited 1 branch of the dungeon, and saw 10 of its levels.

You collected 506 gold pieces.

Inventory:

Hand Weapons
 a - a +0 hand axe
 x - a +2 mace of protection (weapon)
 I - a cursed +2 war axe of freezing
 Z - a +0 shortbow
Missiles
 R - 4 poisoned javelins (quivered)
Armour
 k - a +0 large shield
 t - a +1 chain mail
 y - a +0 pair of boots (worn)
 W - a +0 plate armour (worn)
 X - a +0 pair of gloves
Jewellery
 m - an uncursed ring of stealth
 n - an uncursed ring of protection from cold
 O - a ring of protection from magic (left hand)
 S - an uncursed amulet of harm
 T - a ring of poison resistance (right hand)
Wands
 B - a wand of enslavement (8/24)
 D - a wand of iceblast (6/15)
 V - a wand of slowing (48/48)
Scrolls
 f - 4 scrolls of teleportation
 h - 3 scrolls of enchant armour
 j - 4 scrolls of remove curse
 l - 2 scrolls of amnesia
 p - 10 scrolls of identify
 q - a scroll of random uselessness
 s - a scroll of enchant weapon {unknown}
 w - a scroll of fear
 z - a scroll of noise {unknown}
 E - a scroll of magic mapping {unknown}
 F - a scroll of immolation {unknown}
 G - a scroll of vulnerability {unknown}
 M - a scroll of recharging
 P - a scroll of torment {unknown}
 Q - a scroll of holy word {unknown}
Potions
 d - 9 potions of curing {unknown}
 e - 2 potions of mutation {unknown}
 g - 2 potions of might {unknown}
 i - 4 potions of brilliance {unknown}
 o - 5 potions of ambrosia {unknown}
 r - 2 potions of flight
 A - a potion of berserk rage {unknown}
 H - a potion of cancellation {unknown}
 K - a potion of degeneration {unknown}
 L - a potion of invisibility {unknown}
 U - a potion of cure mutation {unknown}
Books
 b - a book of Summonings

   Spells                             Type                      Level
   a - Recall                         Summoning/Translocation      3
   b - Aura of Abjuration             Summoning                    5
   c - Summon Demon                   Summoning                    5
   d - Summon Forest                  Summoning/Translocation      5
   e - Summon Mana Viper              Hexes/Summoning              5
   f - Shadow Creatures               Summoning                    6
   Trog disapproves of the use of such an item.
Comestibles
 c - 2 fruits
 u - 3 meat rations
 v - 2 bread rations
 C - a slice of pizza
 N - 4 beef jerkies
 Y - a chunk of flesh


   Skills:
 + Level 5.4(4.5) Fighting
 - Level 16.0(14.8) Axes
 + Level 10.2(9.1) Armour
 - Level 2.5(1.7) Dodging
 - Level 0.1(0.0) Stealth


You had 9 spell levels left.
You didn't know any spells.

Dungeon Overview and Level Annotations

Branches:
Dungeon (10/15)            Temple (0/1) D:7            Lair (0/6) D:9
    Orc (0/2) D:9

Altars:
Gozag
Hepliaklqana
Kikubaaqudgha
Yredelemnul
Beogh


Innate Abilities, Weirdness & Mutations

You reflexively headbutt those who attack you in melee.
You have a pair of horns on your head.


Message History

* * * LOW HITPOINT WARNING * * *
You are poisoned.
The orc warrior hits you with a short sword of venom!
* * * LOW HITPOINT WARNING * * *
You are more poisoned.
You're too hungry to go berserk.
Eat a chunk of flesh? (ye/n/q)
You start eating one of the 2 bread rations.
You feel very sick. The orc warrior misses you.
Keep eating?
You continue eating.
You feel sick.
The orc warrior hits you with a short sword of venom.
* * * LOW HITPOINT WARNING * * *
You are more poisoned.
The orc warrior hits you with a short sword of venom.
* * * LOW HITPOINT WARNING * * *
You continue eating.
You die... #####....###.........# ##...# ...........+.........+ .....# .####....###......... ##...## .# #......# ....... #..## .####..###.# ..oo. #.## .##....# #.# ooW

#.# .##.#..###.# #W#
.##.#.....[# #o#
.##.#.###### #@#
......## ##.## .......#
##...## .##.##.# #.....#
.##. #.# ######...##
.##.##.###....##.######
.##........##...........
.......#########.#######
######## #.#


You could see 2 wraiths, an orc warrior, an orc priest and 3 orcs.

Vanquished Creatures
  Josephine (D:10)
  A hill giant (D:10)
  A gargoyle (D:10)
  2 trolls
  A two-headed ogre (D:10)
  Grinder (D:5)
  A hippogriff (D:8)
  2 wraiths (D:10)
  A hungry ghost (D:8)
  Edmund (D:6)
  2 hell hounds (D:9)
  Duvessa (D:7)
  2 orc warriors
  2 sky beasts
  2 ice beasts
  A necrophage (D:6)
  A wasp (D:10)
  A black bear (D:9)
  An ogre (D:4)
  2 centaurs
  A big kobold (D:8)
  3 bullfrogs
  A water moccasin zombie (D:5)
  Dowan (D:7)
  5 scorpions
  5 wights (D:6)
  6 killer bees (D:9)
  4 crimson imps
  2 hounds
  4 jellies
  A centaur skeleton (D:8)
  10 orc priests
  A gnoll shaman (D:6)
  12 orc wizards
  9 worker ants
  A hound zombie (D:6)
  A worker ant zombie (D:5)
  Robin (D:2)
  11 gnolls
  9 adders
  2 shadow imps
  A worm (D:4)
  2 dart slugs (D:2)
  4 leopard geckos
  43 orcs
  5 bats
  5 giant cockroaches
  13 goblins
  13 hobgoblins
  2 jackals (D:3)
  3 quokkas
  A ball python (D:5)
  7 frilled lizards
  11 kobolds
  A leopard gecko skeleton (D:6)
  A leopard gecko zombie (D:7)
  3 rats
  A spectral orc (D:3)
233 creatures vanquished.

Notes
Turn   | Place    | Note
-------+----------+-------------------------------------------
     0 | D:1      | Naow the Minotaur Berserker began the quest for the Orb.
     0 | D:1      | Reached XP level 1. HP: 19/19 MP: 0/0
   307 | D:1      | Reached skill level 4 in Axes
   307 | D:1      | Reached XP level 2. HP: 27/27 MP: 1/1
   950 | D:2      | Noticed Robin
   961 | D:2      | Killed Robin
   961 | D:2      | Reached XP level 3. HP: 7/33 MP: 2/2
   962 | D:2      | Reached ** piety under Trog
  1751 | D:3      | Reached skill level 5 in Axes
  1752 | D:3      | Reached XP level 4. HP: 33/40 MP: 3/3
  2226 | D:3      | Found a basalt altar of Yredelemnul.
  2802 | D:4      | Reached skill level 6 in Axes
  2803 | D:4      | Reached XP level 5. HP: 39/46 MP: 4/4
  2994 | D:4      | Noticed an ogre
  3001 | D:4      | Killed an ogre
  3001 | D:4      | Reached skill level 7 in Axes
  3001 | D:4      | Reached XP level 6. HP: 40/52 MP: 5/5
  3082 | D:4      | Reached skill level 8 in Axes
  4109 | D:4      | Reached skill level 9 in Axes
  4188 | D:5      | Entered Level 5 of the Dungeon
  4188 | D:5      | Noticed an ice beast
  4203 | D:5      | Killed an ice beast
  4203 | D:5      | Reached XP level 7. HP: 16/59 MP: 6/6
  4562 | D:5      | Reached *** piety under Trog
  4565 | D:5      | Found an ancient bone altar of Kikubaaqudgha.
  4830 | D:5      | Noticed Grinder
  4841 | D:5      | Killed Grinder
  4841 | D:5      | Reached skill level 10 in Axes
  5405 | D:6      | Reached skill level 11 in Axes
  5408 | D:6      | Reached XP level 8. HP: 56/66 MP: 7/7
  5434 | D:6      | Noticed Edmund
  5448 | D:6      | Killed Edmund
  5515 | D:6      | Noticed a troll
  5525 | D:6      | Killed a troll
  5525 | D:6      | Reached skill level 12 in Axes
  5936 | D:6      | Reached skill level 13 in Axes
  6199 | D:7      | Reached XP level 9. HP: 71/71 MP: 8/8
  6242 | D:7      | Noticed Dowan
  6244 | D:7      | Noticed Duvessa
  6252 | D:7      | Killed Duvessa
  6255 | D:7      | Killed Dowan
  6288 | D:7      | Found a staircase to the Ecumenical Temple.
  6313 | D:7      | Reached **** piety under Trog
  6428 | D:7      | Reached skill level 14 in Axes
  6848 | D:7      | Found a hazy altar of Hepliaklqana.
  7109 | D:8      | Found an opulent altar of Gozag.
  7132 | D:8      | Reached skill level 15 in Axes
  7482 | D:9      | Reached skill level 5 in Armour
  7505 | D:9      | Found a staircase to the Orcish Mines.
  7574 | D:9      | Found a roughly hewn altar of Beogh.
  7585 | D:9      | Reached XP level 10. HP: 37/79 MP: 9/9
  7647 | D:9      | Found a staircase to the Lair.
  8257 | D:9      | Reached ***** piety under Trog
  8257 | D:9      | Received a gift from Trog
  8321 | D:10     | Entered Level 10 of the Dungeon
  8419 | D:10     | Noticed a gargoyle
  8424 | D:10     | Killed a gargoyle
  8424 | D:10     | Reached skill level 16 in Axes
  8527 | D:10     | Paralysed by a wasp for 2 turns
  8554 | D:10     | Noticed a hill giant
  8568 | D:10     | Killed a hill giant
  9117 | D:10     | Noticed Josephine
  9131 | D:10     | Killed Josephine
  9131 | D:10     | Reached skill level 5 in Fighting
  9145 | D:10     | Reached skill level 10 in Armour
  9161 | D:10     | HP: 3/81 [orc warrior/short sword of venom (5)]
  9161 | D:10     | HP: 1/81 [orc warrior/short sword of venom (2)]
  9162 | D:10     | Succumbed to an orc warrior's poison

Vault maps used:
D:1:      tarquinn_simple_flora_water_e, hangedman_decor_diamond_cutter
D:2:      roderic_roman_lattice, uniq_robin
D:3:      yredelemnul_forgotten_temple_becter, serial_park_tiny_2
D:4:      first_bread
D:5:      kiku_gazebo_garden_becter, uniq_grinder
D:6:      serial_glass, glass_columns_b, glass_columns_a, uniq_edmund
D:7:      lemuel_doored_altar, uniq_duvessa
D:8:      old_standard_altar
D:9:      nicolae_overflow_hidden_temple, minmay_lair_entry_lava,
          minmay_orc_entry_temple_small
D:10:     minivault_27, uniq_josephine

Skill      XL: |  1  2  3  4  5  6  7  8  9 10 |
---------------+-------------------------------+-----
Axes           | 4 5 6 7 9 11 13 15 16 | 16.0
Fighting       | 4 5 |  5.4
Armour         | 5 10 | 10.2
Dodging        | |  2.5
Stealth        | |  0.1

Action                   |  1- 3 |  4- 6 |  7- 9 | 10-12 || total
-------------------------+-------+-------+-------+-------++-------
Melee: Hand axe          |    78 |   129 |    55 |       ||   262
       Headbutt          |    12 |    22 |    86 |    32 ||   152
       Mace              |       |       |   334 |   154 ||   488
Invok: Berserk           |     2 |     3 |     2 |     3 ||    10
       Trog's Hand       |     1 |     3 |     6 |     3 ||    13
  Use: Scroll            |       |       |     5 |     3 ||     8
 Stab: Sleeping          |     1 |       |       |       ||     1
  Eat: Bread ration      |     1 |       |       |       ||     1
       Chunk             |       |    11 |    17 |     7 ||    35
       Fruit             |       |     1 |       |     2 ||     3
Armor: Animal skin       |     8 |    11 |     4 |       ||    23
       Chain mail        |       |       |   223 |    91 ||   314
       Plate armour      |       |       |       |    21 ||    21
Dodge: Dodged            |    53 |    69 |   194 |    89 ||   405
